 Dungeon Crawl Stone Soup version 0.29-a0-392-g297d3b089c (webtiles) character file.

Game seed: 10318310177200160668

51 croobank the Covert (level 3, 0/52 HPs)
             Began as a Gnoll Delver on May 8, 2022.
             Succumbed to an adder's poison
             ... on level 2 of the Dungeon.
             The game lasted 00:05:34 (1630 turns).

croobank the Covert (Gnoll Delver)                  Turns: 1630, Time: 00:05:35

Health: 0/52       AC: 21    Str: 11    XL:     3   Next: 83%
Magic:  4/4        EV:  2    Int: 11    God:
Gold:   60         SH:  0    Dex: 13    Spells: 4/4 levels left

rFire   . . .      SeeInvis .   a - +1 war axe
rCold   . . .      Faith    .   (no shield)
rNeg    . . .      Spirit   .   (body armour currently unavailable)
rPois   +          Reflect  .   (helmet currently unavailable)
rElec   .          Harm     .   (cloak currently unavailable)
rCorr   .          Rampage  .   (gloves currently unavailable)
Will    .....      NoTele   +   (boots currently unavailable)
Stlth   ++++......              (no amulet)
HPRegen 0.17/turn               (no ring)
MPRegen 0.09/turn               (no ring)

@: mighty, brilliant, lethally poisoned (0 -> -1), tree-form, hasted, very quick
A: stationary, stasis, torment immunity, boosted hp, (fangs 1), strong nose,
distributed training
a: no special abilities


You were on level 2 of the Dungeon.
You were a tree.
You visited 1 branch of the dungeon, and saw 4 of its levels.

You collected 60 gold pieces.

Inventory:

Hand Weapons
 a - a +1 war axe (weapon)
 j - a +0 mace
 r - a +0 hand axe
Missiles
 m - 19 stones (quivered)
Armour
 b - a +0 leather armour (melded)
 n - a +0 ring mail
Wands
 g - a wand of digging (3)
 t - a wand of paralysis (6)
Scrolls
 c - a scroll of fog
 e - 2 scrolls of fear
 l - a scroll of teleportation {unknown}
 o - a scroll of poison {unknown}
Potions
 f - 3 potions of haste


   Skills:
 + Level 6.5 Fighting
 + Level 1.0 Short Blades
 + Level 1.0 Long Blades
 + Level 4.6 Axes
 + Level 1.0 Maces & Flails
 + Level 1.0 Polearms
 + Level 1.0 Staves
 + Level 1.0 Slings
 + Level 1.0 Bows
 + Level 1.0 Crossbows
 + Level 1.0 Throwing
 + Level 1.0 Armour
 + Level 4.6 Dodging
 + Level 9.6 Stealth
 + Level 1.0 Shields
 + Level 1.0 Unarmed Combat
 + Level 1.0 Spellcasting
 + Level 0.7 Conjurations
 + Level 0.7 Hexes
 + Level 0.7 Summonings
 + Level 0.7 Necromancy
 + Level 0.7 Translocations
 + Level 0.7 Transmutations
 + Level 0.7 Fire Magic
 + Level 0.7 Ice Magic
 + Level 0.7 Air Magic
 + Level 0.7 Earth Magic
 + Level 0.7 Poison Magic
 + Level 1.0 Invocations
 + Level 1.0 Evocations


You had 4 spell levels left.
You didn't know any spells.
Your spell library contained the following spells:

 Spells                   Type           Power      Damage    Failure   Level
 Dispersal                Tloc           1%         N/A       100%        6
 Disjunction              Tloc           1%         N/A       100%        8


Dungeon Overview and Level Annotations

Branches:
Dungeon (5/15)             Temple (0/1) D:4

Altars:


Innate Abilities, Weirdness & Mutations

You are a tree.
Your roots penetrate the ground, keeping you stationary.
You cannot be teleported.
You are immune to unholy pain and torment.
Your maximum health is greatly increased.
Your equipment is partially melded.
((You have very sharp teeth.))
Your uncanny sense of smell can sniff out nearby items.
Your experience applies equally to all skills.


Message History

It was a potion of magic.
Magic courses through your body.
* * * LOW HITPOINT WARNING * * *
You feel sick. The adder bites you but does no damage.
It was a potion of lignification.
You turn into a tree.
Your +0 leather armour melds into your body.
Your roots penetrate the ground.
* * * LOW HITPOINT WARNING * * *
You feel sick. The adder bites you but does no damage.
It was a potion of brilliance.
You feel clever all of a sudden.
* * * LOW HITPOINT WARNING * * *
You feel sick. The adder bites you but does no damage.
You feel yourself speed up.
* * * LOW HITPOINT WARNING * * *
You feel sick.
The adder bites you but does no damage. x2
You hit the adder.
You kill the adder!
* * * LOW HITPOINT WARNING * * *
You feel sick.
Your Short Blades skill increases to level 1!
Your Long Blades skill increases to level 1!
Your Maces & Flails skill increases to level 1!
Your Polearms skill increases to level 1!
Your Staves skill increases to level 1!
Your Slings skill increases to level 1!
Your Bows skill increases to level 1!
Your Crossbows skill increases to level 1!
Your Throwing skill increases to level 1!
Your Armour skill increases to level 1!
Your Shields skill increases to level 1!
Your Unarmed Combat skill increases to level 1!
Your Spellcasting skill increases to level 1!
Your Evocations skill increases to level 1!
As you read the scroll labelled TUCULYERGHA, it crumbles to dust.
It is a scroll of enchant weapon.
Your +0 war axe glows red for a moment.
* * * LOW HITPOINT WARNING * * *
You feel sick.
This is a scroll of acquirement!
Something appears at your feet!
You die...

....##♣♣.8_8..♣♣ ......###.#.#
.......♣♣♣♣♣♣♣♣ #....# #.#.#
##.####.# ∆#....# #.#.# #.#
#....###...###
#.##############.#............#
#.............#...............#
#############.####.##.........#
##.#....##.........+ ∆
#...♣†.............#
#.#######.....<#...# ...
.##..........# .....
..#..........# .......
............# .......
.#...####.#.# .....#.
#...####.#.## .......
###............ ..............>


There were no monsters in sight!

Vanquished Creatures
  3 adders (D:2)
  3 orcs (D:3)
  An endoplasm (D:2)
  A giant cockroach (D:2)
  3 hobgoblins
  A kobold (D:2)
  4 quokkas
  2 ball pythons
  2 bats (D:3)
20 creatures vanquished.

Notes
Turn   | Place    | Note
-------+----------+-------------------------------------------
     0 | D:5      | Reached skill level 9 in Stealth
     0 | D:5      | croobank the Gnoll Delver began the quest for the Orb.
     0 | D:5      | Reached XP level 1. HP: 23/23 MP: 1/1
    34 | D:5      | Noticed a gnoll shaman
    94 | D:4      | Noticed a scorpion
    97 | D:4      | Noticed an orc priest
   310 | D:3      | Reached XP level 2. HP: 29/29 MP: 2/2
   770 | D:2      | Reached XP level 3. HP: 23/35 MP: 2/4
  1100 | D:2      | Found a faded altar of an unknown god.
  1472 | D:2      | Reached skill level 1 in Invocations
  1627 | D:2      | HP: 2/52 [poisoned by an adder]
  1629 | D:2      | Reached skill level 1 in Short Blades
  1629 | D:2      | Reached skill level 1 in Long Blades
  1629 | D:2      | Reached skill level 1 in Maces & Flails
  1629 | D:2      | Reached skill level 1 in Polearms
  1629 | D:2      | Reached skill level 1 in Staves
  1629 | D:2      | Reached skill level 1 in Slings
  1629 | D:2      | Reached skill level 1 in Bows
  1629 | D:2      | Reached skill level 1 in Crossbows
  1629 | D:2      | Reached skill level 1 in Throwing
  1629 | D:2      | Reached skill level 1 in Armour
  1629 | D:2      | Reached skill level 1 in Shields
  1629 | D:2      | Reached skill level 1 in Unarmed Combat
  1629 | D:2      | Reached skill level 1 in Spellcasting
  1629 | D:2      | Reached skill level 1 in Evocations
  1630 | D:2      | Identified a scroll of acquirement
  1630 | D:2      | Acquired the amulet of Noon {Regen+ Str+3}
  1630 | D:2      | Succumbed to an adder's poison

Illustrated notes

Levels and vault maps discovered:
D:2:      cheibrodos_helix_gallery, layout_basic,
          shapermc_ecumenical_altar_totnotflames, basic_altar,
          minmay_misc_feat_enclosed, kennysheep_nondescript,
          grunt_decor_clamped, kennysheep_generic_room_16,
          uniq_crazy_yiuf_cottage
D:3:      layout_basic, serial_bayou_crossing
D:4:      layout_loops_ring, minmay_temple_entry_drinking_statues,
          dilly_guarded_unrand_devastator
D:5:      layout_gridville

Skill      XL: |  1  2  3 |
---------------+----------+-----
Stealth        | |  9.6
Invocations    | 1 |  1.0
Short Blades   | 1 |  1.0
Long Blades    | 1 |  1.0
Maces & Flails | 1 |  1.0
Polearms       | 1 |  1.0
Staves         | 1 |  1.0
Slings         | 1 |  1.0
Bows           | 1 |  1.0
Crossbows      | 1 |  1.0
Throwing       | 1 |  1.0
Armour         | 1 |  1.0
Shields        | 1 |  1.0
Unarmed Combat | 1 |  1.0
Spellcasting   | 1 |  1.0
Evocations     | 1 |  1.0
Fighting       | |  6.5
Axes           | |  4.6
Dodging        | |  4.6
Conjurations   | |  0.7
Hexes          | |  0.7
Summonings     | |  0.7
Necromancy     | |  0.7
Translocations | |  0.7
Transmutations | |  0.7
Fire Magic     | |  0.7
Ice Magic      | |  0.7
Air Magic      | |  0.7
Earth Magic    | |  0.7
Poison Magic   | |  0.7

Action                   || total
-------------------------++-------
Melee: Hand axe          ||    63
       Bite              ||     6
       War axe           ||    33
  Use: Scroll            ||     3
       Potion            ||     6
 Stab: Sleeping          ||     7
Armor: Leather armour    ||    23
       Skin              ||     4
Dodge: Dodged            ||    56

Table legend: (Time is in decaauts)
 A = Elapsed time spent in this place.
 B = Non-inter-level travel time spent in this place.
 C = Inter-level travel time spent in this place.
 D = Time resting spent in this place.
 E = Time spent auto-exploring this place.
 F = Levels seen in this place.
 G = Mean time per level.
                   A        B        C        D        E       F      G
               +--------+--------+--------+--------+--------+-----+--------+
         Total |   1642 |   1639 |      3 |    942 |    183 |   4 |  410.5 |
       Dungeon |   1642 |   1639 |      3 |    942 |    183 |   4 |  410.5 |
               +--------+--------+--------+--------+--------+-----+--------+

Top non-repeatable levels by time:
     D:2: 1142 daAuts
     D:3: 399 daAuts
     D:4: 60 daAuts
     D:5: 39 daAuts
